 Dungeon Crawl Stone Soup version 0.26-a0-976-gd3b5134375 (webtiles) character file.

Game seed: 14837571028971284694

27195 Peloso the Blocker (level 13, -2/116 HPs)
             Began as a Minotaur Fighter on Dec 5, 2020.
             Was the Champion of Okawaru.
             Killed by divine providence
             ... invoked by an orc priest
              (15 damage)
             ... on level 1 of the Orcish Mines.
             The game lasted 00:37:22 (17303 turns).

Peloso the Blocker (Minotaur Fighter)              Turns: 17303, Time: 00:37:22

Health: -2/116     AC: 21    Str: 24    XL:     13   Next: 3%
Magic:  12/12      EV: 11    Int:  5    God:    Okawaru [******]
Gold:   1108       SH: 14    Dex: 18    Spells: 12/12 levels left

rFire    . . .     SeeInvis .   a - +2 falchion (elec)
rCold    + + .     Faith    +   c - +0 kite shield
rNeg     . . .     Spirit   .   l - +4 chain mail {rC+}
rPois    +         Reflect  .   A - +1 hat
rElec    .         Harm     .   W - +0 cloak {rPois}
rCorr    .         Rampage  .   G - +0 pair of gloves
MR       .....                  (no boots)
Stlth    ..........             F - amulet of faith
HPRegen  0.29/turn              q - ring of protection from cold
MPRegen  0.13/turn              J - +6 ring of dexterity

@: no status effects
A: retaliatory headbutt, horns 2
a: Heroism, Finesse, Renounce Religion


You were on level 1 of the Orcish Mines.
You worshipped Okawaru.
Okawaru was exalted by your worship.
You visited 4 branches of the dungeon, and saw 16 of its levels.

You collected 1108 gold pieces.

Inventory:

Hand Weapons
 a - a +2 falchion of electrocution (weapon)
 b - a +5 long sword
Armour
 c - a +0 kite shield (worn)
 l - a +4 chain mail of cold resistance (worn)
 A - a +1 hat (worn)
 G - a +0 pair of gloves (worn)
 R - +0 swamp dragon scales
 T - a +3 chain mail of fire resistance
 W - a +0 cloak of poison resistance (worn)
Jewellery
 f - an uncursed ring of wizardry
 q - a ring of protection from cold (left hand)
 E - an uncursed ring of magical power
 F - an amulet of faith (around neck)
 J - a +6 ring of dexterity (right hand)
 K - an uncursed ring of positive energy
 L - an uncursed ring of protection from fire
 M - an uncursed ring of stealth {unknown}
 O - a cursed ring of teleportation {unknown}
 U - a +6 ring of strength {unknown}
Wands
 u - a wand of paralysis (31)
 y - a wand of flame (59)
 C - a wand of enslavement (15)
 P - a wand of iceblast (15)
 V - a wand of disintegration (15)
Scrolls
 e - 9 scrolls of remove curse
 g - 3 scrolls of blinking
 h - 5 scrolls of teleportation
 i - 3 scrolls of magic mapping
 j - a scroll of identify
 k - 2 scrolls of enchant weapon
 n - 3 scrolls of immolation
 p - 2 scrolls of amnesia
 r - 3 scrolls of noise {unknown}
 s - a scroll of silence
 t - 3 scrolls of enchant armour {unknown}
 w - 2 scrolls of fog
 z - a scroll of summoning
 B - 2 scrolls of fear
Potions
 d - 4 potions of might
 m - 4 potions of resistance
 o - 7 potions of curing
 v - 4 potions of haste
 x - a potion of magic
 D - a potion of flight
 N - a potion of brilliance
 Q - 4 potions of heal wounds
 S - 2 potions of invisibility
Miscellaneous
 H - a lightning rod (4/4)
 I - a tin of tremorstones (1/2)


   Skills:
 + Level 11.1 Fighting
 + Level 13.7 Long Blades
 + Level 13.2 Armour
 + Level 4.4 Dodging
 + Level 1.6 Stealth
 + Level 13.9 Shields
 + Level 1.0 Invocations
 + Level 1.2 Evocations


You had 12 spell levels left.
You didn't know any spells.
Your spell library contained the following spells:

 Spells                   Type           Power        Failure   Level
 Animate Skeleton         Necr           #.....       95%         1
 Corona                   Hex            #......      95%         1
 Pain                     Necr           #...         95%         1
 Shock                    Conj/Air       #...         95%         1
 Ensorcelled Hibernation  Hex/Ice        #.....       99%         2
 Swiftness                Air            #.......     99%         2
 Confusing Touch          Hex            #.......     100%        3
 Dazzling Flash           Conj/Hex       #.....       100%        3
 Static Discharge         Conj/Air       #.......     100%        3
 Tukima's Dance           Hex            #.......     100%        3
 Vampiric Draining        Necr           #.........   100%        3
 Airstrike                Air            #.........   100%        4
 Animate Dead             Necr           #.........   100%        4
 Agony                    Necr           #.......     100%        5
 Lightning Bolt           Conj/Air       #.........   100%        5


Dungeon Overview and Level Annotations

Branches:
Dungeon (12/15)            Temple (1/1) D:4            Lair (2/6) D:9
    Orc (1/2) D:10
  Swamp: Lair:2-4    Shoals: Lair:2-4     Snake: Lair:2-4    Spider: Lair:2-4

Altars:
Ashenzari
Cheibriados
Dithmenos
Elyvilon
Fedhas
Gozag
Hepliaklqana
Kikubaaqudgha
Makhleb
Nemelex Xobeh
Okawaru
Qazlal
Ru
Sif Muna
Trog
Uskayaw
Vehumet
Wu Jian
Xom
Yredelemnul
Zin
The Shining One

Shops:
D:6 :   D:7 [

Annotations:
D:10 2 transporters, Morbidden's ghost, novice DrCj


Innate Abilities, Weirdness & Mutations

You reflexively headbutt those who attack you in melee.
You have a pair of horns on your head.


Message History

The orc wizard hits you but does no damage.
You block the orc wizard's attack.
You closely miss the orc. You headbutt the orc!
You kill the orc!
A gnoll comes into view. It is wielding a +0 flail.
The gnoll shouts!
You hear a shout!
The orc barely misses you. You furiously retaliate!
You headbutt the orc. You block the orc's attack. The orc closely misses you.
You riposte.
You hit the orc.
The orc is lightly wounded.
The orc misses you. You furiously retaliate!
You headbutt the orc!
You kill the orc!
You slash the orc!
You kill the orc!
Okawaru accepts your kill. The orc hits you.
* * * LOW HITPOINT WARNING * * *
The orc priest calls down the wrath of Beogh upon you.
Beogh smites you!
You die...

##...#....####
##.........†#g##
#........g.#†g.#
#.#...$.###go## #
###....o####.O.#
..##.....ooO#...o##
........#oo#.o....#
.........o.$g....##
......))@gog...###
......).)oo.†..#
..............##
.......>......###
......$.^#..g...##
#.........#.)<...#
............))..##
.......#)...#####
....##..#..##


You could see an orc knight, 3 orc warriors, an ogre, an orc priest, 2 orc
wizards, 4 gnolls and 3 orcs.

Vanquished Creatures
  Rupert (D:12)
  Gastronok (D:12)
  A boulder beetle (D:12)
  A centaur warrior (D:11)
  2 two-headed ogres
  Urug (Lair:1)
  An unseen horror (D:11)
  2 ugly things
  A cyclops (D:12)
  A manticore (D:11)
  2 centaur zombies
  Maurice (D:12)
  2 black mambas (Lair:1)
  A gargoyle (D:11)
  3 cane toads
  Maggie (Lair:1)
  Psyche (D:12)
  4 centaur skeletons (D:11)
  2 komodo dragons
  A polar bear (Lair:2)
  3 trolls
  4 slime creatures (D:12)
  A vampire (D:11)
  17 yaks
  2 wyverns
  A shadow (D:12)
  Grum (D:8)
  A wraith (D:12)
  A basilisk (Lair:1)
  A steam dragon (D:11)
  6 wargs (Orc:1)
  Menkaure (D:7)
  9 water moccasins
  4 sky beasts
  2 ice beasts
  2 black bears (D:6)
  A phantom (D:6)
  4 ogres
  A necrophage (D:8)
  12 orc warriors
  8 wolves
  4 centaurs
  12 bullfrogs
  A wyvern skeleton (D:6)
  5 scorpions
  3 killer bees (D:9)
  6 wights
  4 electric eels
  12 orc wizards
  A gnoll shaman (D:5)
  6 hounds
  A jelly (D:6)
  10 orc priests
  2 bullfrog skeletons (D:8)
  An iguana (D:7)
  Jessica (D:3)
  5 worker ants
  A hound skeleton (D:11)
  A howler monkey zombie (D:5)
  A worker ant zombie (D:8)
  5 gnolls (D:5)
  14 adders
  4 shadow imps
  4 white imps
  An ufetubus (D:6)
  An adder skeleton (D:6)
  3 worms (D:2)
  2 dart slugs
  6 leopard geckos
  67 orcs
  10 bats
  A bat zombie (D:5)
  2 giant cockroaches
  12 goblins
  10 hobgoblins
  6 jackals (D:2)
  3 quokkas
  A ball python (D:4)
  A frilled lizard (D:1)
  8 kobolds
  9 rats
  2 rat zombies (D:5)
361 creatures vanquished.

Vanquished Creatures (others)
  An orc (D:11)
  2 fungi
  16 plants
19 creatures vanquished.

Grand Total: 380 creatures vanquished

Notes
Turn   | Place    | Note
-------+----------+-------------------------------------------
     0 | D:1      | Peloso the Minotaur Fighter began the quest for the Orb.
     0 | D:1      | Reached XP level 1. HP: 19/19 MP: 0/0
   117 | D:1      | Reached XP level 2. HP: 26/27 MP: 1/1
   899 | D:1      | Reached XP level 3. HP: 33/33 MP: 2/2
  1616 | D:2      | Reached XP level 4. HP: 31/41 MP: 3/3
  1697 | D:2      | Found a faded altar of an unknown god.
  2102 | D:3      | Noticed Jessica
  2133 | D:2      | Reached skill level 1 in Dodging
  2259 | D:3      | Killed Jessica
  2260 | D:3      | Reached XP level 5. HP: 47/47 MP: 4/4
  2421 | D:3      | Reached skill level 5 in Armour
  2467 | D:3      | Found a radiant altar of Vehumet.
  2789 | D:4      | Noticed an ogre
  2791 | D:4      | Found a shimmering blue altar of Sif Muna.
  2800 | D:4      | Killed an ogre
  2801 | D:4      | Reached XP level 6. HP: 3/53 MP: 5/5
  3213 | D:4      | Found a blossoming altar of Fedhas.
  3739 | D:4      | Reached skill level 5 in Long Blades
  4015 | D:4      | Found a staircase to the Ecumenical Temple.
  4024 | Temple   | Entered the Ecumenical Temple
  4107 | D:4      | Found an opulent altar of Gozag.
  4135 | D:4      | Reached skill level 5 in Shields
  4533 | D:5      | Entered Level 5 of the Dungeon
  4599 | D:5      | Noticed an ice beast
  4629 | D:5      | Killed an ice beast
  4630 | D:5      | Reached XP level 7. HP: 26/60 MP: 6/6
  5036 | D:5      | Found an ancient bone altar of Kikubaaqudgha.
  5522 | D:6      | Found Fonig's Book Shop.
  5539 | D:6      | Found a sparkling altar of Nemelex Xobeh.
  5556 | D:6      | Reached skill level 5 in Fighting
  5747 | D:6      | Reached XP level 8. HP: 41/68 MP: 7/7
  6399 | D:6      | Reached XP level 9. HP: 18/75 MP: 8/8
  7330 | D:6      | Found a shadowy altar of Dithmenos.
  7681 | D:7      | Found Xataen's Antique Armour Shop.
  7769 | D:7      | Found a sacrificial altar of Ru.
  7799 | D:7      | Noticed Menkaure
  7815 | D:7      | Killed Menkaure
  8220 | D:7      | Found a hazy altar of Hepliaklqana.
  8988 | D:8      | Reached skill level 10 in Long Blades
  9131 | D:8      | Noticed Grum
  9141 | D:8      | Killed Grum
  9142 | D:8      | Reached XP level 10. HP: 70/86 MP: 9/9
  9653 | D:9      | Found a staircase to the Lair.
  9683 | D:9      | Noticed a two-headed ogre
  9908 | D:9      | Killed a two-headed ogre
  9909 | D:9      | Reached skill level 10 in Armour
  9909 | D:9      | Reached skill level 10 in Shields
 10303 | D:9      | Found an iron altar of Okawaru.
 10303 | D:9      | Found a glowing golden altar of the Shining One.
 10303 | D:9      | Found a snail-covered altar of Cheibriados.
 10304 | D:9      | Found a broken altar of Ashenzari.
 10331 | D:9      | Became a worshipper of Warmaster Okawaru
 10401 | D:9      | Reached * piety under Okawaru
 11094 | D:10     | Entered Level 10 of the Dungeon
 11188 | D:10     | Reached ** piety under Okawaru
 11385 | D:10     | Reached XP level 11. HP: 77/95 MP: 10/10
 11452 | D:10     | Found a staircase to the Orcish Mines.
 11857 | D:10     | Noticed a stone giant
 11859 | D:10     | Noticed Morbidden's ghost (novice DrCj)
 11868 | D:10     | Found a transporter.
 12072 | D:10     | Found a transporter.
 12580 | D:11     | Noticed a red ugly thing
 12597 | D:11     | Killed a red ugly thing
 12597 | D:11     | Reached *** piety under Okawaru
 12608 | D:11     | Reached skill level 1 in Evocations
 12778 | D:11     | Noticed a centaur warrior
 12788 | D:11     | Killed a centaur warrior
 12788 | D:11     | Reached **** piety under Okawaru
 12944 | D:11     | Killed an unseen horror
 12944 | D:11     | Reached ***** piety under Okawaru
 12944 | D:11     | Received a gift from Okawaru
 13448 | Lair:1   | Entered Level 1 of the Lair of Beasts
 13889 | Lair:1   | Noticed Maggie
 13902 | Lair:1   | Killed Maggie
 14265 | Lair:1   | Received a gift from Okawaru
 14471 | Lair:1   | Noticed Urug
 14495 | Lair:1   | Killed Urug
 14629 | Lair:1   | Received a gift from Okawaru
 14677 | Lair:1   | Reached XP level 12. HP: 106/106 MP: 11/11
 14682 | Lair:1   | Reached skill level 1 in Stealth
 14746 | Lair:1   | Reached ****** piety under Okawaru
 14763 | Lair:1   | Found the +8 whip "Snakebite" {curare, rPois}
 15361 | Lair:2   | Noticed a five-headed hydra
 15507 | D:12     | Reached skill level 10 in Fighting
 15609 | D:12     | Noticed Rupert
 15626 | D:12     | Killed Rupert
 15725 | D:12     | Noticed a boulder beetle
 15758 | D:12     | Killed a boulder beetle
 15764 | D:12     | Received a gift from Okawaru
 16333 | D:12     | Noticed Gastronok
 16347 | D:12     | Noticed a two-headed ogre
 16359 | D:12     | Killed Gastronok
 16372 | D:12     | Killed a two-headed ogre
 16715 | D:12     | Noticed Maurice
 16722 | D:12     | Killed Maurice
 16722 | D:12     | Received a gift from Okawaru
 16732 | D:12     | Identified the +7 great sword of Purpose {holy, rElec
                  | Int+3} (Okawaru gifted it to you on level 12 of the
                  | Dungeon)
 16765 | D:12     | Noticed Psyche
 16769 | D:12     | Killed Psyche
 17210 | Orc:1    | Entered Level 1 of the Orcish Mines
 17251 | Orc:1    | Reached skill level 1 in Invocations
 17256 | Orc:1    | Reached XP level 13. HP: 109/116 MP: 12/12
 17303 | Orc:1    | Killed from afar by an orc priest

Illustrated notes

Levels and vault maps discovered:
D:1:      minmay_arrival_nine_rooms, layout_basic, serial_corexii_hall,
          chequers_hall_statues_y, chequers_hall_statues_wall_a
D:2:      layout_loops_ring, chequers_ecumenical_altar_lobes, grunt_ministairs_2
D:3:      layout_rooms, lemuel_coloured_pillars_altar, uniq_jessica
D:4:      layout_gridville, old_standard_altar, old_standard_altar,
          kennysheep_mini, minmay_temple_entry_proselytizer
D:5:      layout_loops_ring, lemuel_zombie_altar_kikubaaqudgha
D:6:      layout_loops_ring, marbit_many_paths,
          nemelex_xobeh_ov_fountains_minmay, serial_shops,
          nicolae_shop_waterfront, glass_columns_a
D:7:      layout_rooms, lemuel_doored_altar, lemuel_round_altar, serial_shops,
          shop, serial_bayou_pond_b, nicolae_lava_and_water,
          dk_rats_in_the_wall, uniq_menkaure
D:8:      layout_gridville, uniq_grum
D:9:      layout_roguey, chequers_temple_overflow_statue_of_worship,
          erik_lair_island
D:10:     layout_roguey, erik_orc_2, gammafunk_ghost_arena
D:11:     layout_cross, hangedman_decor_opposing, minmay_misc_feat_cross,
          chequers_serial_rivers_small_b
D:12:     layout_loops_corners, uniq_psyche, uniq_rupert, uniq_gastronok,
          uniq_maurice
Temple:   jpeg_temple_island
Lair:1:   minmay_guarded_unrand_snakebite, layout_cave_pods,
          serial_bayou_lagoon_a, lemuel_old_faithful, grunt_megastairs_5,
          uniq_maggie, uniq_urug
Lair:2:   layout_cave_pods, guppyfry_snake_entry_island, serial_bayou_ford_a,
          serial_bayou_shore_b
Orc:1:    cheibrodos_orc_guarddog, layout_caves, serial_shops,
          nicolae_shop_stone, ebering_ghost_rock_garden, uniq_nergalle

Skill      XL: |  1  2  3  4  5  6  7  8  9 10 11 12 |
---------------+-------------------------------------+-----
Armour         | 4 5 6 7 8 9 10 12 13 | 13.2
Shields        | 4 5 6 7 9 10 12 13 | 13.9
Fighting       | 4 5 7 8 9 11 | 11.1
Long Blades    | 3 4 5 6 8 10 11 12 13 | 13.7
Dodging        | 1 3 4 |  4.4
Evocations     | 1 |  1.2
Stealth        | 1 |  1.6
Invocations    | 1 |  1.0

Action                   |  1- 3 |  4- 6 |  7- 9 | 10-12 | 13-15 || total
-------------------------+-------+-------+-------+-------+-------++-------
Melee: Long sword        |    97 |   174 |   233 |       |       ||   504
       Headbutt          |    16 |    30 |    81 |   203 |    11 ||   341
       Falchion          |       |       |   115 |   707 |    30 ||   852
Invok: Heroism           |       |       |       |     4 |       ||     4
Evoke: Wand              |       |       |       |    10 |       ||    10
       Lightning rod     |       |       |       |     2 |       ||     2
       Tin of tremorston |       |       |       |     2 |       ||     2
  Use: Potion            |     3 |     1 |     2 |       |       ||     6
       Scroll            |       |     6 |     3 |    12 |       ||    21
 Stab: Paralysed         |       |       |       |     2 |       ||     2
Armor: Scale mail        |    41 |       |       |       |       ||    41
       Chain mail        |    11 |   150 |    84 |    59 |     7 ||   311
       Plate armour      |       |       |    60 |   205 |       ||   265
Dodge: Dodged            |    40 |    62 |    75 |   131 |    10 ||   318
Block: Kite shield       |    48 |   114 |   185 |   364 |    13 ||   724
       Rpst.: Long sword |    14 |    14 |    11 |       |       ||    39
       Falchion          |       |       |     9 |    32 |     3 ||    44

Table legend: (Time is in decaauts)
 A = Elapsed time spent in this place.
 B = Non-inter-level travel time spent in this place.
 C = Inter-level travel time spent in this place.
 D = Time resting spent in this place.
 E = Time spent auto-exploring this place.
 F = Levels seen in this place.
 G = Mean time per level.
                   A        B        C        D        E       F      G
               +--------+--------+--------+--------+--------+-----+--------+
         Total |  17182 |  16633 |    549 |   1661 |  11730 |  16 | 1073.9 |
       Dungeon |  15120 |  14665 |    455 |   1634 |  10219 |  12 | 1260.0 |
        Temple |     39 |     39 |      0 |      0 |      0 |   1 |   39.0 |
          Lair |   1951 |   1858 |     93 |     27 |   1511 |   2 |  975.5 |
  Orcish Mines |     71 |     71 |      0 |      0 |      0 |   1 |   71.0 |
               +--------+--------+--------+--------+--------+-----+--------+

Top non-repeatable levels by time:
     D:6: 1886 daAuts
  Lair:1: 1857 daAuts
     D:4: 1729 daAuts
    D:12: 1589 daAuts
     D:9: 1513 daAuts
    D:10: 1363 daAuts
     D:2: 1206 daAuts
     D:8: 1154 daAuts
     D:7: 1054 daAuts
    D:11: 1013 daAuts
     D:5: 997 daAuts
     D:1: 933 daAuts
     D:3: 678 daAuts
  Lair:2: 94 daAuts
   Orc:1: 71 daAuts
